 Dungeon Crawl Stone Soup version 0.23-b1-51-gfe822ef6ca (webtiles) character file.

Game seed: 14951713910170844541

65 Laan the Conjurer (level 4, 0/24 HPs)
             Began as a Gargoyle Fire Elementalist on Feb 4, 2019.
             Slain by Sigmund
             ... wielding a +0 scythe
              (6 damage)
             ... on level 2 of the Dungeon.
             The game lasted 00:07:02 (1825 turns).

Laan the Conjurer (Gargoyle Fire Elementalist)      Turns: 1825, Time: 00:07:02

Health: 0/24       AC:  6    Str: 11    XL:     4   Next: 14%
Magic:  4/8        EV: 12    Int: 17    God:
Gold:   105        SH:  0    Dex: 10    Spells: 0/8 levels left

rFire    . . .     SeeInvis .   d - +0 halberd
rCold    . . .     Gourm    .   (shield currently unavailable)
rNeg     + . .     Faith    .   a - +0 robe
rPois    ∞         Spirit   .   e - +0 helmet
rElec    +         Reflect  .   (no cloak)
rCorr    .         Harm     .   (no gloves)
MR       .....                  (no boots)
Stlth    +.........             (no amulet)
HPRegen  0.08/turn              i - ring of wizardry
MPRegen  0.11/turn              (no ring)

@: confused
A: negative energy resistance 1, electricity resistance, unbreathing,
petrification resistance, rot immunity, AC +3
a: no special abilities


You were on level 2 of the Dungeon.
You were hungry.

You visited 1 branch of the dungeon, and saw 2 of its levels.

You collected 105 gold pieces.

Inventory:

Hand Weapons
 d - a +0 halberd (weapon)
 h - a cursed -3 hand axe
Armour
 a - a +0 robe (worn)
 e - a +0 helmet (worn)
Jewellery
 i - a ring of wizardry (left hand)
Scrolls
 b - 4 scrolls of blinking {unknown}
 g - a scroll of identify {unknown}
 m - a scroll of teleportation {unknown}
Potions
 j - a potion of lignification {unknown}
 k - a potion of might {unknown}
 l - a potion of flight {unknown}
Comestibles
 c - 2 rations
 f - a chunk of flesh


   Skills:
 - Level 1.5 Dodging
 - Level 2.1 Stealth
 + Level 2.7 Spellcasting
 * Level 3.5 Conjurations
 - Level 3.0 Fire Magic


You couldn't memorise any spells.
You knew the following spells:

 Your Spells              Type           Power        Failure   Level  Hunger
a - Flame Tongue          Conj/Fire      ##...        1%          1    #......
b - Conjure Flame         Conj/Fire      ##......     6%          3    ###....
c - Sticky Flame          Conj/Fire      ##......     19%         4    #####..

Your spell library contained the following spells:

 Spells                   Type           Power        Failure   Level  Hunger
 Throw Flame              Conj/Fire      ##....       2%          2    ##.....
 Inner Flame              Hex/Fire       #.......     12%         3    ###....
 Fireball                 Conj/Fire      ##........   45%         5    ######.


Dungeon Overview and Level Annotations

Branches:
Dungeon (2/15)

Altars:
Dithmenos
Gozag
Wu Jian

Annotations:
D:2 Sigmund


Innate Abilities, Weirdness & Mutations

You are resistant to torment.
Your stone body is resilient. (AC +3)
You are immune to poison.
You resist negative energy. (rN+)
You are resistant to electric shocks. (rElec)
You can survive without breathing.
You are immune to petrification.
You are immune to rotting.


Message History

* * * LOW HITPOINT WARNING * * *
Casting: Flame Tongue (safe; 1% risk of failure)
Confirm with . or Enter, or press ? or * to list all spells.
Aiming: Sticky Flame (slightly dangerous; 19% risk of failure)
Press: ? - help, Shift-Dir - straight line, f - Sigmund
Aim: Sigmund, wielding a +0 scythe and wearing a +0 robe The sticky flame hits Sigmund.
Sigmund is lightly wounded.
Sigmund is covered in liquid flames!
Sigmund burns!
The bat hits you but does no damage. Sigmund casts a spell at you.
You are confused.
You bump into the rock wall.
Sigmund burns!
The bat hits you.
* * * LOW HITPOINT WARNING * * *
Sigmund barely misses you.
Sigmund burns!
The bat hits you but does no damage.
You bump into the rock wall.
Sigmund burns!
The bat hits you but does no damage. Sigmund misses you.
Sigmund burns!
The bat closely misses you. Sigmund hits you with a +0 scythe.
You die...

..........# #.##......#
.).$..b.#.## #.##......#
........#..# #.##......#
........##.## #######.##......#
........##..# #........#......#
........###.# ##.####..#......#
........###.######.##.#..#......#
##.............@.#....#..#......#
#.########..###@#.#.#.#.#.#.#.#.
#. .......#b................ ##
#####...#.#.#.#.#.#.#.#.#.
......................
##.##.#.#.#.#.#.#.#.#.
#.....................
##....#.#.#.#.#.#.#.#.
#...#........<.......
####....#.#.#.#.#.#.#.#.


You could see Sigmund (burning) and a bat.

Vanquished Creatures
  An adder (D:2)
  A gnoll (D:1)
  2 worms (D:2)
  A dart slug (D:1)
  6 bats
  2 giant cockroaches
  5 goblins
  6 hobgoblins
  2 jackals (D:2)
  4 kobolds (D:1)
  A quokka (D:2)
  2 frilled lizards (D:1)
  5 rats
38 creatures vanquished.

Notes
Turn   | Place    | Note
-------+----------+-------------------------------------------
     0 | D:1      | Laan the Gargoyle Fire Elementalist began the quest for the
                  | Orb.
     0 | D:1      | Reached XP level 1. HP: 10/10 MP: 3/3
   248 | D:1      | Reached XP level 2. HP: 15/15 MP: 3/5
   607 | D:1      | Reached XP level 3. HP: 19/19 MP: 3/6
   990 | D:1      | Learned a level 3 spell: Conjure Flame
  1105 | D:2      | Found a shadowy altar of Dithmenos.
  1105 | D:2      | Found an opulent altar of Gozag.
  1123 | D:2      | Found an ornate altar of the Wu Jian Council.
  1274 | D:2      | Reached XP level 4. HP: 24/24 MP: 2/8
  1569 | D:2      | Learned a level 4 spell: Sticky Flame
  1781 | D:2      | Noticed Sigmund
  1825 | D:2      | Slain by Sigmund

Skill      XL: |  1  2  3 |
---------------+----------+-----
Conjurations   | 2 3 |  3.5
Dodging        | |  1.5
Stealth        | |  2.1
Spellcasting   | |  2.7
Fire Magic     | |  3.0

Action                   |  1- 3 |  4- 6 || total
-------------------------+-------+-------++-------
Melee: Unarmed           |    22 |       ||    22
       Halberd           |    31 |     3 ||    34
 Cast: Flame Tongue      |    57 |     9 ||    66
       Sticky Flame      |       |     1 ||     1
  Eat: Chunk             |     2 |     1 ||     3
Armor: Robe              |    39 |    11 ||    50
Dodge: Dodged            |    57 |    23 ||    80
